cohdb
Replays
Latest Replays
All Replays
Popular Replays
Top Player Replays
Match Explorer
How It Works
Community
CoH3 Stats
Reddit
Sign in to upload your games and track your stats! →
Sign in with Steam
Match 20360880
Unlisted
Match 20360880
Overview
Messages
Build Orders
End
Kradschützen Motorcycle Team
Panzergrenadier Squad
Panzergrenadier Squad
Construct Light Support Kompanie
Assault Grenadier Squad
Fire Support Elements
Flakvierling Half-track
Selects Armored Support Battlegroup
2.5-tonne Medical Truck
Veteran Squad Leaders
Selects Salvage Kits
Selects Veteran Gunners
Pak 38 Anti-tank Gun Team
le.IG 18 Mechanized Group
Construct Panzerarmee Kommand
Panzer III L Medium Tank
Panzer III L Medium Tank
Selects Panzer Storm
Panzer Storm
The_Jonny_Boy94
Sidejobs
ShootToThrill
MonoChrome
0
0
Comments
sign in to comment!
No comments posted yet!